General information
- name: BNet
- type: Ladder team game (AT/RT)
- host: Battle.net
- saver: Khanate
map: Mur'gulOasis
- players: 8
- length: 41:58
- speed: Fast
- version: 1.26 W3XP
- replay type: Public
» download(217 KB)
Players
team 1 (winner)
dlwffl99 (
green | 21 APM | 896 actions | 41:57)
6 Paladin
2 Holy Light
2 Divine Shield
2 Devotion Aura
» actions
| Assign group hotkey | 21 | |
| Basic commands | 11 | |
| Build / train | 68 | |
| ESC pressed | 2 | |
| Enter build submenu | 24 | |
| Enter hero's abilities submenu | 6 | |
| Remove unit from queue | 3 | |
| Right click | 314 | |
| Select / deselect | 221 | |
| Select group hotkey | 139 | |
| Use ability | 86 | |
896 total
» units
| Peasant | 11 | |
| Footman | 12 | |
| Rifleman | 15 | |
38 total
» upgrades
| Defend | 1 | |
| Long Rifles | 2 | |
| Lumber Harvesting | 1 | |
| Gunpowder | 3 | |
| Armor | 3 | |
10 total
» buildings
| Altar of Kings | 1 | |
| Farm | 10 | |
| Lumber Mill | 1 | |
| Barracks | 4 | |
| Blacksmith | 1 | |
| Arcane Vault | 3 | |
| Keep | 1 | |
| Castle | 2 | |
| Town Hall | 3 | |
26 total
» build order
00:27 Altar of Kings
00:37 Farm
00:53 Lumber Mill
01:08 Barracks
01:16 Farm
01:54 Farm
02:15 Barracks
02:38 Farm
03:15 Farm
04:02 Farm
04:39 Blacksmith
06:24 Arcane Vault
07:56 Arcane Vault
09:07 Farm
09:26 Keep
13:39 Barracks
13:45 Barracks
14:00 Castle
14:41 Arcane Vault
14:46 Castle
20:17 Farm
20:19 Farm
21:13 Farm
25:06 Town Hall
27:30 Town Hall
32:40 Town Hall
» items
| Scroll of Regeneration | 2 | |
| Lesser Clarity Potion | 1 | |
| Potion of Healing | 1 | |
| Scroll of Town Portal | 1 | |
| Orb of Fire | 1 | |
| Potion of Lesser Invulnerability | 1 | |
7 total

»
JesusWasAFag (
teal | 59 APM | 2199 actions | 37:31)
5 Keeper of the Grove
2 Entangling Roots
3 Thorns Aura
4 Priestess of the Moon
1 Scout
2 Trueshot Aura
1 Searing Arrows
3 Warden
2 Fan of Knives
1 Blink
» actions
| Assign group hotkey | 22 | |
| Basic commands | 30 | |
| Build / train | 89 | |
| Enter build submenu | 16 | |
| Enter hero's abilities submenu | 14 | |
| Give item / drop item | 3 | |
| Right click | 585 | |
| Select / deselect | 339 | |
| Select group hotkey | 995 | |
| Use ability | 106 | |
2199 total
» units
| Wisp | 15 | |
| Archer | 18 | |
| Hippogryph | 7 | |
40 total
» upgrades
| Improved Bows | 1 | |
| Strength of the Moon | 3 | |
| Moon Armor | 3 | |
| Ultravision | 1 | |
| Marksmanship | 1 | |
| Well Spring | 1 | |
| Hippogryph Taming | 1 | |
| Vorpal Blades | 1 | |
12 total
» buildings
| Moon Well | 7 | |
| Altar of Elders | 1 | |
| Ancient of War | 2 | |
| Ancient of Wonders | 2 | |
| Tree of Ages | 1 | |
| Hunter's Hall | 1 | |
| Tree of Eternity | 1 | |
| Tree of Life | 2 | |
| Ancient of Wind | 2 | |
19 total
» build order
00:20 Moon Well
01:13 Altar of Elders
01:19 Moon Well
01:28 Ancient of War
02:06 Ancient of War
02:26 Moon Well
02:39 Ancient of Wonders
03:52 Moon Well
04:51 Tree of Ages
04:54 Hunter's Hall
06:50 Moon Well
08:51 Tree of Eternity
09:29 Ancient of Wonders
16:57 Tree of Life
17:32 Moon Well
17:32 Moon Well
18:56 Ancient of Wind
18:57 Ancient of Wind
20:50 Tree of Life
» items
| Potion of Healing | 5 | |
| Scroll of Town Portal | 5 | |
| Moonstone | 1 | |
| Scroll of Regeneration | 1 | |
| Potion of Lesser Invulnerability | 1 | |
| Scroll of Healing | 2 | |
15 total
Khanate (
yellow | 65 APM | 2740 actions | 41:58)
6 Blademaster
3 Wind Walk
2 Critical Strike
1 Bladestorm
» actions
| Assign group hotkey | 292 | |
| Basic commands | 277 | |
| Build / train | 82 | |
| Enter build submenu | 43 | |
| Enter hero's abilities submenu | 6 | |
| Give item / drop item | 7 | |
| Right click | 1007 | |
| Select / deselect | 396 | |
| Select group hotkey | 523 | |
| Use ability | 107 | |
2740 total
» units
» upgrades
| Berserker Strength | 1 | |
| Pillage | 1 | |
| Armor | 3 | |
| Ranged Weapons | 3 | |
| Reinforced Defenses | 1 | |
| Envenomed Spears | 1 | |
10 total
» buildings
| Orc Burrow | 7 | |
| Altar of Storms | 1 | |
| Barracks | 1 | |
| Voodoo Lounge | 1 | |
| Stronghold | 1 | |
| War Mill | 3 | |
| Beastiary | 6 | |
| Great Hall | 2 | |
| Watch Tower | 25 | |
| Fortress | 1 | |
48 total
» build order
00:31 Orc Burrow
00:38 Altar of Storms
00:41 Barracks
01:18 Orc Burrow
01:58 Voodoo Lounge
03:26 Stronghold
04:22 War Mill
04:26 Orc Burrow
06:00 Beastiary
06:03 Beastiary
07:33 Orc Burrow
11:10 Great Hall
11:16 Watch Tower
11:16 Watch Tower
11:17 Watch Tower
11:18 Watch Tower
11:20 Watch Tower
11:20 Watch Tower
11:20 Watch Tower
11:21 Watch Tower
14:18 Fortress
14:21 Watch Tower
14:22 Watch Tower
14:22 Watch Tower
14:23 Watch Tower
14:23 Watch Tower
14:24 Watch Tower
14:24 Watch Tower
14:29 War Mill
17:42 Great Hall
17:50 Watch Tower
17:51 Watch Tower
17:51 Watch Tower
17:51 Watch Tower
17:53 Watch Tower
17:54 Watch Tower
17:56 Watch Tower
20:13 Orc Burrow
20:17 Orc Burrow
20:53 Watch Tower
20:54 Watch Tower
20:55 Watch Tower
21:00 Beastiary
21:01 Beastiary
21:02 Beastiary
21:08 Beastiary
24:16 Orc Burrow
24:49 War Mill
» items
| Healing Salve | 10 | |
| Boots of Speed | 1 | |
| Potion of Healing | 2 | |
| Scroll of Town Portal | 2 | |
| Orb of Lightning | 1 | |
| Staff of Teleportation | 2 | |
18 total
Erysipelas (
pink | 29 APM | 1166 actions | 39:39)
6 Keeper of the Grove
3 Thorns Aura
2 Entangling Roots
1 Tranquility
» actions
| Basic commands | 22 | |
| Build / train | 59 | |
| Enter build submenu | 14 | |
| Enter hero's abilities submenu | 6 | |
| Remove unit from queue | 3 | |
| Right click | 686 | |
| Select / deselect | 286 | |
| Use ability | 90 | |
1166 total
» units
| Wisp | 16 | |
| Archer | 5 | |
| Huntress | 5 | |
| Druid of the Claw | 7 | |
| Mountain Giant | 2 | |
35 total
» upgrades
| Strength of the Wild | 3 | |
| Reinforced Hides | 3 | |
| Druid of the Claw Training | 2 | |
| Mark of the Claw | 1 | |
| Ultravision | 1 | |
| Hardened Skin | 1 | |
| Resistant Skin | 1 | |
12 total
» buildings
| Altar of Elders | 1 | |
| Moon Well | 9 | |
| Ancient of War | 1 | |
| Hunter's Hall | 1 | |
| Tree of Ages | 1 | |
| Ancient Protector | 1 | |
| Ancient of Lore | 2 | |
| Tree of Eternity | 1 | |
| Ancient of Wonders | 1 | |
| Tree of Life | 2 | |
20 total
» build order
00:05 Altar of Elders
00:06 Moon Well
00:25 Ancient of War
02:02 Moon Well
02:06 Moon Well
03:00 Moon Well
03:05 Hunter's Hall
04:12 Moon Well
04:15 Moon Well
05:51 Tree of Ages
06:23 Ancient Protector
09:01 Ancient of Lore
09:04 Ancient of Lore
11:34 Tree of Eternity
16:28 Moon Well
16:28 Moon Well
16:30 Moon Well
23:39 Ancient of Wonders
24:23 Tree of Life
26:20 Tree of Life
team 2 (loser)
p3n1sINurbutt (
blue | 72 APM | 1420 actions | 19:35)
4 Keeper of the Grove
2 Force of Nature
2 Entangling Roots
» actions
| Assign group hotkey | 36 | |
| Basic commands | 22 | |
| Build / train | 44 | |
| Enter build submenu | 11 | |
| Enter hero's abilities submenu | 4 | |
| Give item / drop item | 1 | |
| Remove unit from queue | 2 | |
| Right click | 565 | |
| Select / deselect | 294 | |
| Select group hotkey | 381 | |
| Use ability | 60 | |
1420 total
» units
| Wisp | 12 | |
| Glaive Thrower | 8 | |
| Huntress | 10 | |
| Archer | 1 | |
31 total
» upgrades
| Strength of the Moon | 1 | |
| Moon Armor | 1 | |
| Vorpal Blades | 1 | |
| Sentinel | 1 | |
4 total
» buildings
| Altar of Elders | 1 | |
| Moon Well | 5 | |
| Hunter's Hall | 1 | |
| Ancient of War | 3 | |
| Tree of Ages | 1 | |
11 total
» build order
00:12 Altar of Elders
00:22 Moon Well
01:24 Hunter's Hall
01:35 Moon Well
02:09 Ancient of War
02:54 Ancient of War
03:00 Moon Well
05:15 Moon Well
06:18 Moon Well
08:34 Ancient of War
11:24 Tree of Ages
» items
Blood_Shell (
red | 28 APM | 575 actions | 20:35)
4 Keeper of the Grove
2 Entangling Roots
2 Force of Nature
» actions
| Assign group hotkey | 6 | |
| Basic commands | 25 | |
| Build / train | 55 | |
| Enter build submenu | 13 | |
| Enter hero's abilities submenu | 4 | |
| Right click | 277 | |
| Select / deselect | 155 | |
| Select group hotkey | 1 | |
| Use ability | 39 | |
575 total
» units
| Wisp | 12 | |
| Archer | 23 | |
| Hippogryph | 5 | |
40 total
» upgrades
| Strength of the Moon | 2 | |
| Moon Armor | 1 | |
| Hippogryph Taming | 1 | |
| Improved Bows | 1 | |
5 total
» buildings
| Altar of Elders | 1 | |
| Moon Well | 6 | |
| Ancient of War | 2 | |
| Ancient of Wonders | 1 | |
| Hunter's Hall | 1 | |
| Tree of Ages | 1 | |
| Ancient of Wind | 2 | |
14 total
» build order
00:20 Altar of Elders
00:34 Moon Well
00:49 Ancient of War
01:38 Ancient of Wonders
01:51 Moon Well
02:37 Hunter's Hall
03:17 Moon Well
04:14 Moon Well
05:19 Moon Well
05:20 Tree of Ages
06:22 Moon Well
08:40 Ancient of Wind
08:43 Ancient of Wind
08:49 Ancient of War
» items
| Dust of Appearance | 1 | |
| Potion of Healing | 1 | |
| Scroll of Town Portal | 2 | |
4 total
Dead-sheppard. (
orange | 58 APM | 2443 actions | 41:57)
6 Dark Ranger
3 Black Arrow
2 Silence
1 Charm
3 Shadow Hunter
1 Hex
2 Healing Wave
» actions
| Assign group hotkey | 35 | |
| Basic commands | 16 | |
| Build / train | 67 | |
| Enter build submenu | 27 | |
| Enter hero's abilities submenu | 10 | |
| Give item / drop item | 3 | |
| Remove unit from queue | 1 | |
| Right click | 1192 | |
| Select / deselect | 300 | |
| Select group hotkey | 709 | |
| Use ability | 83 | |
2443 total
» units
| Peon | 17 | |
| Grunt | 4 | |
| Wind Rider | 5 | |
| Tauren | 1 | |
| Wisp | 6 | |
| Raider | 2 | |
35 total
» upgrades
| Ranged Weapons | 2 | |
| Reinforced Defenses | 1 | |
| Envenomed Spears | 1 | |
| Armor | 2 | |
| Melee Weapons | 3 | |
| Pulverize | 1 | |
| Ensnare | 1 | |
11 total
» buildings
| Altar of Storms | 1 | |
| Orc Burrow | 7 | |
| Barracks | 1 | |
| Voodoo Lounge | 1 | |
| Stronghold | 1 | |
| War Mill | 1 | |
| Watch Tower | 29 | |
| Fortress | 1 | |
| Beastiary | 2 | |
| Tauren Totem | 2 | |
| Tree of Life | 1 | |
| Great Hall | 1 | |
48 total
» build order
00:09 Altar of Storms
00:19 Orc Burrow
00:37 Barracks
01:22 Orc Burrow
01:56 Voodoo Lounge
03:00 Stronghold
03:39 War Mill
04:09 Orc Burrow
04:49 Orc Burrow
05:33 Watch Tower
05:34 Watch Tower
05:36 Watch Tower
05:37 Watch Tower
06:04 Watch Tower
06:05 Watch Tower
06:29 Fortress
07:34 Beastiary
07:38 Beastiary
07:41 Orc Burrow
08:39 Orc Burrow
09:27 Watch Tower
09:27 Watch Tower
09:29 Watch Tower
10:11 Orc Burrow
10:17 Watch Tower
10:19 Watch Tower
12:37 Watch Tower
13:39 Watch Tower
13:39 Watch Tower
13:43 Watch Tower
16:42 Watch Tower
16:43 Watch Tower
16:44 Watch Tower
16:45 Watch Tower
16:45 Watch Tower
17:35 Watch Tower
17:35 Watch Tower
19:17 Watch Tower
19:18 Watch Tower
19:18 Watch Tower
19:18 Watch Tower
20:23 Tauren Totem
20:28 Tauren Totem
20:42 Watch Tower
20:42 Watch Tower
32:32 Tree of Life
37:26 Great Hall
» items
| Staff of Teleportation | 1 | |
| Potion of Lesser Invulnerability | 1 | |
| Healing Salve | 1 | |
| Scroll of Town Portal | 2 | |
| Orb of Lightning | 1 | |
6 total
cameloman (
purple | 32 APM | 666 actions | 21:03)
3 Crypt Lord
2 Carrion Beetles
1 Spiked Carapace
» actions
| Assign group hotkey | 7 | |
| Basic commands | 12 | |
| Build / train | 54 | |
| Enter build submenu | 11 | |
| Enter hero's abilities submenu | 3 | |
| Right click | 339 | |
| Select / deselect | 215 | |
| Select group hotkey | 2 | |
| Use ability | 23 | |
666 total
» units
| Acolyte | 8 | |
| Ghoul | 4 | |
| Crypt Fiend | 9 | |
| Gargoyle | 15 | |
36 total
» upgrades
| Creature Attack | 3 | |
| Creature Carapace | 2 | |
| Web | 1 | |
| Stone Form | 1 | |
7 total
» buildings
| Crypt | 2 | |
| Ziggurat | 5 | |
| Altar of Darkness | 1 | |
| Graveyard | 1 | |
| Spirit Tower | 5 | |
| Halls of the Dead | 1 | |
| Tomb of Relics | 1 | |
| Black Citadel | 1 | |
17 total
» build order
00:13 Crypt
00:15 Ziggurat
00:26 Altar of Darkness
01:20 Graveyard
01:43 Ziggurat
03:13 Ziggurat
06:03 Spirit Tower
06:05 Spirit Tower
07:33 Spirit Tower
07:38 Ziggurat
09:43 Spirit Tower
09:51 Halls of the Dead
11:35 Tomb of Relics
11:48 Ziggurat
12:51 Black Citadel
13:27 Spirit Tower
16:05 Crypt
Chat log
(00:08 / Allies) Erysipelas: hi
(00:12 / Allies) JesusWasAFag: w/e
(00:18 / Allies) Erysipelas: ??
(00:27 / Allies) JesusWasAFag: high falutin name
(00:30 / Allies) JesusWasAFag: u think ur better than us?
(00:32 / Allies) dlwffl99: I'm thinking a rush would be good
(00:45 / Allies) Erysipelas: it could be
(00:46 / Allies) Erysipelas: :p
(00:49 / Allies) dlwffl99: so I will be rushing
(00:56 / Allies) Erysipelas: i will to?
(00:59 / Allies) dlwffl99: I have a feeling the NE's will tech like always
(01:10 / Allies) Erysipelas: :p
(01:10 / Allies) dlwffl99: come if you like
(01:11 / Allies) JesusWasAFag: that feeling is prolly gas
(01:14 / Allies) dlwffl99: I'm going either way
(01:32 / Allies) JesusWasAFag: green, ur an effective leader
(01:40 / Allies) dlwffl99: no
(01:47 / Allies) dlwffl99: I'm just someone going to rush the other team
(01:57 / Allies) JesusWasAFag: obv u missed the sarcasm
(02:05 / Allies) dlwffl99: never heard of the word
(02:10 / Allies) dlwffl99: but thanks for the compliment
(02:15 / Allies) JesusWasAFag: obv u missed the 3rd grade
(02:22 / Allies) Erysipelas: lol
(02:23 / All) Khanate: That means he was smart
(02:25 / Allies) dlwffl99: I missed all grades
(02:36 / Allies) dlwffl99: I graduated college at 10
(02:42 / Allies) JesusWasAFag: clown college?
(02:46 / Allies) dlwffl99: that too
(02:49 / Allies) JesusWasAFag: hamburger college?
(02:52 / Allies) dlwffl99: that too
(03:09 / Allies) dlwffl99: every single college on the planet available
(03:45 / Allies) dlwffl99: almost ready to hit
(03:49 / Allies) Erysipelas: :p
(03:51 / Allies) Khanate: I don't need help creeping
(03:51 / Allies) dlwffl99: if you want to come
(03:53 / Allies) dlwffl99: meet me here
(03:55 / Allies) dlwffl99: if don't
(03:57 / Allies) Erysipelas: k
(04:00 / Allies) dlwffl99: then don't bother
(04:09 / Allies) JesusWasAFag: so passive aggressive
(04:10 / Allies) dlwffl99: win lose or draw I'm going though
(04:18 / Allies) JesusWasAFag: a feminine trait
(04:50 / Allies) dlwffl99: going
(04:55 / Allies) dlwffl99: cum if you like
(05:03 / Allies) JesusWasAFag: freudian slip?
(05:05 / Allies) JesusWasAFag: or not?>
(05:17 / Allies) dlwffl99: I freudian slipped my dick up her ass
(05:25 / Allies) JesusWasAFag: that answers it
(05:47 / All) Khanate: creep drop just fucked me
(05:56 / All) Khanate: wasted 125 gold
(06:03 / Allies) JesusWasAFag: green is failing so hard
(06:09 / Allies) Erysipelas: :p
(06:16 / Allies) Erysipelas: quite yea
(06:39 / Allies) JesusWasAFag: he didn't do anything
(06:40 / Allies) JesusWasAFag: lol
(06:55 / Allies) dlwffl99: actually
(06:58 / Allies) JesusWasAFag: do u think failblog will take a replay of this game?
(06:59 / Allies) dlwffl99: I almost took out his main
(07:01 / Allies) dlwffl99: had anyone come wit
(07:06 / Allies) Erysipelas: lol
(07:06 / Allies) dlwffl99: we would've won
(07:07 / Allies) JesusWasAFag: almost means u did nothing
(08:12 / Allies) Erysipelas: yay
(08:13 / Allies) JesusWasAFag: militia retard
(08:27 / Allies) dlwffl99: counter and kill purple
(08:37 / Allies) Erysipelas: k ...
(08:40 / Allies) JesusWasAFag: god green is horrible
(08:44 / Allies) Erysipelas: xD
(08:57 / Allies) dlwffl99: yellow
(08:59 / Allies) JesusWasAFag: i know blind retards that play better
(09:03 / Allies) Khanate: I need to heal son
(09:23 / Allies) dlwffl99: had your heal
(09:50 / All) dlwffl99: good owlie
(10:13 / Allies) dlwffl99: we'll need some melee soon
(10:21 / Allies) Erysipelas: hmm
(10:24 / Allies) Erysipelas: getting bear
(11:17 / Allies) Erysipelas: ouych
(11:30 / Allies) JesusWasAFag: green just runs
(12:15 / Allies) JesusWasAFag: militia retard
(12:18 / Allies) Khanate: bring your stuff teal
(12:20 / Allies) Erysipelas: ...
(13:21 / Allies) dlwffl99: lets hit
(13:23 / Allies) JesusWasAFag: gawd green sux
(13:27 / Allies) dlwffl99: otherwise this will keep happening
(13:35 / Allies) JesusWasAFag: u keep happening
(13:40 / Allies) JesusWasAFag: with allies like u who needs enemies
(13:54 / Allies) dlwffl99: who?
(14:20 / Allies) dlwffl99: we going to attack?
(14:24 / Allies) dlwffl99: or shit our pants?
(14:29 / Allies) Erysipelas: bear will be master soon
(14:29 / Allies) Erysipelas: :p
(15:09 / Allies) dlwffl99: they're getting a lot of aa
(15:13 / Allies) Erysipelas: :P
(15:22 / Allies) dlwffl99: you might want to switch units yellow
(15:26 / All) p3n1sINurbutt: fuck these noob ass teammates
(15:33 / All) JesusWasAFag: we have green
(15:35 / All) JesusWasAFag: so we're even
(15:39 / All) p3n1sINurbutt: oj
(15:41 / All) p3n1sINurbutt: has
(15:43 / All) p3n1sINurbutt: 20 tower
(15:43 / All) p3n1sINurbutt: Stfu
(15:46 / All) p3n1sINurbutt: its 2v4
(15:51 / All) p3n1sINurbutt: either way gg
(15:52 / All) JesusWasAFag: green has no towers and no skill
(15:53 / All) JesusWasAFag: pwned
(15:56 / All) Dead-sheppard.: fail stab
(15:57 / All) p3n1sINurbutt: not lettign this faggoit win
(15:57 / All) Dead-sheppard.: its not gg
(15:58 / All) Erysipelas: lol
(15:58 / All) Dead-sheppard.: blue
(16:00 / All) Dead-sheppard.: i decide who wins
(16:10 / Allies) Erysipelas: who to hit?
(17:29 / Allies) Erysipelas: no need to waste a roar x)
(18:04 / Allies) Erysipelas: we should attack ..
(18:15 / Allies) Erysipelas: and red sux
(18:18 / Allies) Erysipelas: x)
(18:26 / All) p3n1sINurbutt: anyways gg ez win if these faggots knew how 2 play
(18:46 / Allies) dlwffl99: red it tking
(19:17 / All) Erysipelas: suicide is gay
(19:23 / All) p3n1sINurbutt: well watsing my time
(19:27 / All) p3n1sINurbutt: tryign 2 wina game that can tbe won
(19:29 / All) p3n1sINurbutt: is gay
(19:31 / All) p3n1sINurbutt: gg
(20:18 / Allies) Khanate: wood
(20:28 / Allies) Erysipelas: ty
(20:31 / Allies) JesusWasAFag: wat is that
(20:40 / Allies) Erysipelas: x)
(20:40 / Allies) Khanate: I need wood
(20:50 / Allies) Erysipelas: sure
(20:51 / Allies) Erysipelas: :p
(21:25 / Allies) dlwffl99: speaking of pathetic
(21:42 / Allies) dlwffl99: anyone have some mortars?
(21:50 / Allies) Erysipelas: no
(21:52 / Allies) Erysipelas: xd
(21:52 / Allies) Khanate: Green I need some wood
(21:57 / Allies) JesusWasAFag: do u see any fucking humans besides urself moron?
(22:06 / Allies) dlwffl99: you're a human
(22:11 / Allies) Erysipelas: heal unit ^^
(22:19 / Allies) dlwffl99: I always see white people
(22:26 / Allies) Erysipelas: erm lol
(22:37 / Allies) Erysipelas: air mass ...
(22:51 / Allies) Khanate: wood me green
(23:08 / All) Khanate: Wood me green, now.
(23:24 / Allies) Erysipelas: ouch
(23:28 / Allies) Erysipelas: fag
(23:42 / Allies) Erysipelas: getting giants
(23:44 / Allies) Erysipelas: for fun
(23:45 / Allies) Erysipelas: :p
(23:56 / Allies) JesusWasAFag: lol
(23:57 / All) Khanate: Wood hoarder
(23:57 / Allies) JesusWasAFag: nice
(24:06 / All) Dead-sheppard.: leave fags lalw
(24:11 / All) Erysipelas: lol ...
(25:07 / Allies) Erysipelas: got 15 minute to end this
(25:08 / Allies) Erysipelas: :p
(25:26 / Allies) Erysipelas: giants should do it
(25:29 / Allies) Erysipelas: lawl
(25:59 / Allies) Erysipelas: woot
(26:00 / All) Dead-sheppard.: teal can u leave faggot
(26:01 / All) Dead-sheppard.: u suck
(26:14 / All) Erysipelas: he wont cause we won
(26:18 / All) JesusWasAFag: that really hurt
(26:21 / All) Khanate: Fuck off orange
(26:21 / All) JesusWasAFag: take that back
(26:22 / All) Dead-sheppard.: really u won?
(26:25 / All) Khanate: Once we take care of green you'r next
(26:36 / All) Dead-sheppard.: ur 13-11 teal that is horrible
(26:44 / All) JesusWasAFag: ur mean
(26:45 / Allies) Erysipelas: why the fuck are you team killing
(26:46 / Allies) Erysipelas: xD
(26:48 / All) dlwffl99: yellow is the only one attacking me lol
(26:59 / All) Erysipelas: lol
(26:59 / All) dlwffl99: and yet he says we are taking care of someone lol
(27:04 / All) Erysipelas: i just do giants
(27:07 / All) dlwffl99: that is a bit on the retarted side
(27:11 / Allies) Khanate: fuck it let's assault
(27:22 / Allies) Erysipelas: lol
(27:24 / Allies) Erysipelas: teal
(27:24 / Allies) Khanate: bring whatever you got
(27:45 / Allies) Erysipelas: getting one last giant and one bear
(27:48 / All) JesusWasAFag: better hide yo kids oj
(27:50 / Allies) Erysipelas: to raor
(27:55 / All) Dead-sheppard.: attack noob
(27:58 / All) Dead-sheppard.: im gonna rape u and yellow
(28:12 / All) Erysipelas: im coming you sucka!
(28:36 / Allies) Khanate: you lead pink
(29:27 / Allies) Erysipelas: lolz
(29:33 / Allies) dlwffl99: still want yellow on our team?
(29:41 / Allies) JesusWasAFag: hes just bored
(29:48 / All) Dead-sheppard.: leave
(29:49 / All) Dead-sheppard.: lawl
(30:26 / Allies) dlwffl99: I don't care if we win or lose honestly
(30:28 / Allies) Erysipelas: lol
(30:33 / Allies) Erysipelas: yellow
(30:34 / Allies) Erysipelas: wtf
(30:38 / Allies) JesusWasAFag: he just made this game 10 mins longer
(30:41 / Allies) dlwffl99: so makes no difference
(30:43 / Allies) JesusWasAFag: so i will go make some food :D
(30:47 / All) Dead-sheppard.: leave homos
(31:01 / All) Erysipelas: leave fucker
(31:14 / Allies) Erysipelas: happy yellow i got no gold now!
(31:26 / Allies) dlwffl99: teal
(31:26 / All) Khanate: Very
(31:29 / Allies) dlwffl99: help kill yellow
(31:32 / Allies) dlwffl99: and lets end the game
(31:37 / Allies) Erysipelas: lol
(31:40 / Allies) dlwffl99: obviously he's just going to tk the entire team
(31:56 / Allies) Erysipelas: yellow
(31:56 / All) Dead-sheppard.: leave
(31:58 / Allies) Erysipelas: stop this
(32:22 / Allies) Erysipelas: agh let'S en this game fast
(32:39 / Allies) Erysipelas: ill make thing faster
(32:40 / All) Dead-sheppard.: leave niggas
(32:45 / Allies) dlwffl99: we can still win
(32:46 / All) Dead-sheppard.: ur upset with
(32:47 / All) Dead-sheppard.: u
(32:48 / All) Dead-sheppard.: sucking
(32:49 / Allies) Erysipelas: yellow kill orange
(32:49 / Allies) dlwffl99: makes no difference
(32:50 / Allies) Erysipelas: ...
(32:59 / Allies) dlwffl99: actually I gotta leave in 5 minutes either way
(32:59 / Allies) dlwffl99: lol
(33:01 / All) Khanate: Why would I do that?
(33:21 / Allies) Erysipelas: cause he's in the team you are suppose to kill?
(33:28 / Allies) Erysipelas: and losing is bad for ration
(33:29 / Allies) Erysipelas: lol
(33:31 / All) Khanate: Who says?
(33:57 / Allies) JesusWasAFag: i guess yellow has no life :D
(33:59 / Allies) Erysipelas: made thing faster for you traitor
(34:00 / Allies) Erysipelas: lol
(34:02 / Allies) JesusWasAFag: just wants to prolong the game
(34:07 / Allies) Khanate: Thank you
(34:09 / Allies) Erysipelas: end this game yellow plz
(34:10 / Allies) JesusWasAFag: kinda sad really
(34:29 / Allies) JesusWasAFag: i mean who comes on here to play 1 hour games
(34:35 / Allies) JesusWasAFag: just losers lol
(34:39 / Allies) Erysipelas: lol
(34:40 / All) Dead-sheppard.: bad boy
(34:48 / Allies) Erysipelas: kinda hurting bud kinda right
(34:50 / All) Khanate: I'm on the third team
(34:57 / Allies) dlwffl99: I'm going to leave the game on and not turn it off at all
(35:05 / Allies) Erysipelas: lol
(35:14 / Allies) dlwffl99: seriously
(35:15 / Allies) JesusWasAFag: if people had friends they wouldnt do this
(35:21 / Allies) JesusWasAFag: world peace yall
(35:24 / Allies) dlwffl99: I'm going to force yellow to either win or lose the game
(35:29 / Allies) Erysipelas: yea hope yellow doesn't lose agaisnt orange
(35:30 / Allies) Erysipelas: lol
(35:30 / All) Khanate: Maybe orange is my friend had you ever taken the time to consider that possibility?
(35:33 / All) Dead-sheppard.: IVE PLAYED teal before
(35:37 / Allies) Erysipelas: wtf
(35:42 / Allies) dlwffl99: sounds good
(35:50 / Allies) JesusWasAFag: maybe yellow and oj are so lonely they became friends
(35:50 / Allies) Erysipelas: how did he got a wisp
(35:51 / Allies) Erysipelas: ...
(36:07 / Allies) Erysipelas: xD
(36:08 / Allies) JesusWasAFag: maybe yellow is sitting on oj's dick as they play on separate laptops
(36:17 / Allies) Erysipelas: i got 7 k wood
(36:20 / Allies) JesusWasAFag: that sounds right
(36:25 / Allies) Erysipelas: xD
(36:39 / Allies) Erysipelas: wow
(36:41 / All) Dead-sheppard.: leave lawl
(36:48 / All) dlwffl99: no thanks
(36:49 / Allies) JesusWasAFag: well i dont think bnet cares anymore
(36:51 / All) Erysipelas: we wont i want this win lol
(36:53 / Allies) JesusWasAFag: but ill send this replay to them
(37:01 / All) Erysipelas: YAY xD
(37:04 / All) Erysipelas: REPLAY!
(37:05 / All) Khanate: You do that
(37:11 / Allies) JesusWasAFag: oh dont worry, i will
(37:12 / All) Khanate: It might brighten one of their days
(37:13 / All) Dead-sheppard.: i guess u guys want to improve ur 45% records
(37:18 / All) Erysipelas: lol
(37:27 / Allies) Erysipelas: dont lose time with me
(37:30 / Allies) Erysipelas: lawl
(37:36 / Allies) Erysipelas: im already dead
(37:38 / Allies) Erysipelas: but still
(37:42 / All) Khanate: You have buildings
(37:44 / All) Dead-sheppard.: one down
(37:45 / All) Dead-sheppard.: 2 to go
(37:46 / Allies) Erysipelas: kill orange in the end
(37:54 / Allies) Erysipelas: that's what is important
(37:55 / Allies) Erysipelas: x)
(38:05 / Allies) Erysipelas: lol
(38:07 / All) Khanate: I'm sorry but I just can't do that
(38:07 / Allies) Erysipelas: rly yellow
(38:11 / Allies) Erysipelas: letting oj win
(38:13 / Allies) Erysipelas: why
(38:16 / All) Khanate: If any on his team had stayed you would have had a chance at victory
(38:17 / Allies) Erysipelas: exactly
(38:28 / Allies) Erysipelas: -.-
(38:34 / All) Khanate: He pwned my hero score apparently
(38:38 / All) Khanate: and is sending the replay right now
(39:09 / All) Dead-sheppard.: i love raping noobs 1v4
(39:15 / All) Dead-sheppard.: u guys didnt have a chance vs me
(39:25 / All) Erysipelas: wow if yellow didn't team killed we won
(39:39 / All) Dead-sheppard.: 4v4 and teamkilling are the same thing, blame yourself
(39:58 / All) Khanate: how do you feel green
(40:10 / All) Khanate: I don't even know why they were saying green sucks
(40:13 / All) Khanate: they were ragging on him all game
(40:15 / All) Khanate: they're no better
(40:29 / All) Khanate: if they had helped him like teal with his archers they probably could have finished off purple's base
(40:32 / All) Dead-sheppard.: i thought that too, couldn tkill his pally in that first battle
(40:40 / All) Dead-sheppard.: red finished purple
(40:47 / All) Dead-sheppard.: blue said he was gonna tk me "if i built one more tower"
(40:48 / All) Khanate: when he rushed with footmen I mean
(40:53 / All) Khanate: lol
(41:41 / All) Khanate: teal squelched me lol
(41:45 / All) Khanate: when I just now tried to reply
(41:55 / All) Dead-sheppard.: blue actually did the same to me